cohdb
Replays
Latest Replays
All Replays
Popular Replays
Top Player Replays
Match Explorer
How It Works
Community
CoH3 Stats
Reddit
Sign in to upload your games and track your stats! →
Sign in with Steam
Match 45583793
Unlisted
Match 45583793
Overview
Messages
Build Orders
End
Kradschützen Motorcycle Team
250 Light Carrier
Selects Panzerjäger Kommand Battlegroup
Panzergrenadier Squad
Panzergrenadier Squad
Construct Light Support Kompanie
Selects Mine Fields
Selects Tank Busters
Combat Half-tracks
Fire Support Elements
Panzerjäger Mechanized Group
Flakvierling Half-track
Selects Defensive Positions
Vehicle Survival Package
Panzerjäger Squad
Veteran Squad Leaders
Construct Panzerarmee Kommand
2.5-tonne Medical Truck
Walking Stuka Rocket Launcher
Cpt Darling
jwalker987
Logan5
Tiensin
0
0
Comments
sign in to comment!
No comments posted yet!